 Dungeon Crawl Stone Soup version 0.23.2-1-ga50397a (webtiles) character file.

Game seed: 4646526435541631176

550 Borgoz the Skirmisher (level 7, -8/62 HPs)
             Began as a Minotaur Monk on May 25, 2019.
             Mangled by an orc warrior
             ... wielding a +0 short sword
              (9 damage)
             ... on level 7 of the Dungeon.
             The game lasted 00:05:29 (3554 turns).

Borgoz the Skirmisher (Minotaur Monk)               Turns: 3554, Time: 00:05:30

Health: -8/62      AC:  9    Str: 18    XL:     7   Next: 7%
Magic:  6/6        EV: 12    Int:  7    God:
Gold:   122        SH:  0    Dex: 12    Spells: 6/6 levels left

rFire    + . .     SeeInvis .   a - +0 falchion
rCold    + . .     Gourm    .   (no shield)
rNeg     . . .     Faith    .   e - +0 scale mail (curse)
rPois    .         Spirit   .   (helmet restricted)
rElec    .         Reflect  .   p - scarf {rC+ rF+}
rCorr    .         Harm     .   n - +1 pair of gloves
MR       .....                  (no boots)
Stlth    ..........             (no amulet)
HPRegen  0.20/turn              (no ring)
MPRegen  0.10/turn              (no ring)

@: lethally poisoned (-8 -> -22)
A: retaliatory headbutt, horns 2
a: no special abilities


You were on level 7 of the Dungeon.
You were hungry.

You visited 1 branch of the dungeon, and saw 6 of its levels.

You collected 122 gold pieces.

Inventory:

Hand Weapons
 a - a +0 falchion (weapon)
Armour
 e - a cursed +0 scale mail (worn)
 n - a +1 pair of gloves (worn)
 p - a scarf of resistance (worn)
Scrolls
 b - a scroll of teleportation
 d - 2 scrolls of amnesia
 f - a scroll of remove curse
Potions
 t - a potion of resistance
Comestibles
 c - 5 rations


   Skills:
 + Level 5.7 Fighting
 + Level 5.7 Long Blades
 + Level 4.2 Armour
 + Level 5.3 Dodging
 - Level 1.5 Stealth


You had 6 spell levels left.
You didn't know any spells.
Your spell library was empty.

Dungeon Overview and Level Annotations

Branches:
Dungeon (5/15)
 Temple: D:4-7

Altars:
Elyvilon
Wu Jian


Innate Abilities, Weirdness & Mutations

You reflexively headbutt those who attack you in melee.
You have a pair of horns on your head.


Message History

You resist.
Found a leather armour.
Found a stone staircase leading down.
You feel sick.
The orc priest invokes the aid of Beogh against you.
Beogh smites you!
* * * LOW HITPOINT WARNING * * *
Okay, then.
Okay, then.
You are too injured to fight recklessly!
* * * LOW HITPOINT WARNING * * *
You feel sick.
The orc wizard hits you but does no damage.
You are too injured to fight recklessly!
You are too injured to fight recklessly!
You closely miss the orc warrior.
* * * LOW HITPOINT WARNING * * *
You feel sick.
The orc wizard begins to cast a cantrip, but forgets the words!
The orc warrior hits you with a +0 short sword!
You die...

>..........
......[....#
...........
..........######
...............#
#..........o...#
..............#
###....o.....#
#.....@oo....#
#.......######
#.......#
..........#
..........#
..........#
###.......#
#########


You could see an orc warrior, an orc priest, an orc wizard and an orc.

Vanquished Creatures
  Duvessa (D:4)
  An ogre (D:4)
  Dowan (D:4)
  A hound (D:4)
  An orc priest (D:4)
  3 worker ants (D:4)
  Natasha (D:4)
  3 adders
  An adder skeleton (D:4)
  5 worms
  2 dart slugs (D:3)
  3 leopard geckos
  6 orcs
  5 giant cockroaches
  8 goblins
  10 hobgoblins
  2 jackals (D:3)
  5 kobolds
  A quokka (D:2)
  4 bats
  4 frilled lizards
  A leopard gecko skeleton (D:5)
  6 rats
75 creatures vanquished.

Vanquished Creatures (others)
  An orc wizard (D:3)
1 creature vanquished.

Grand Total: 76 creatures vanquished

Notes
Turn   | Place    | Note
-------+----------+-------------------------------------------
     0 | D:1      | Borgoz the Minotaur Monk began the quest for the Orb.
     0 | D:1      | Reached XP level 1. HP: 19/19 MP: 0/0
   118 | D:1      | Reached XP level 2. HP: 25/27 MP: 1/1
   194 | D:1      | Reached skill level 1 in Armour
   549 | D:2      | Reached XP level 3. HP: 33/33 MP: 2/2
  1127 | D:3      | Reached XP level 4. HP: 31/41 MP: 3/3
  1310 | D:3      | Found a white marble altar of Elyvilon.
  1383 | D:3      | Found an ornate altar of the Wu Jian Council.
  1686 | D:3      | Reached XP level 5. HP: 39/47 MP: 4/4
  2229 | D:4      | Noticed an ogre
  2260 | D:4      | Killed an ogre
  2260 | D:4      | Reached skill level 5 in Fighting
  2273 | D:4      | Reached skill level 5 in Long Blades
  2481 | D:4      | Noticed Duvessa
  2481 | D:4      | Noticed Dowan
  2508 | D:4      | Killed Duvessa
  2508 | D:4      | Reached XP level 6. HP: 27/56 MP: 5/5
  2527 | D:4      | Killed Dowan
  2527 | D:4      | Reached skill level 5 in Dodging
  2788 | D:4      | Noticed a hippogriff
  3285 | D:4      | Noticed Natasha
  3292 | D:4      | Killed Natasha
  3292 | D:4      | Reached XP level 7. HP: 57/62 MP: 6/6
  3390 | D:5      | Entered Level 5 of the Dungeon
  3538 | D:5      | You fall through a shaft for 2 floors!
  3553 | D:7      | HP: 2/62 [poisoned by a killer bee]
  3554 | D:7      | Mangled by an orc warrior

Skill      XL: |  1  2  3  4  5  6 |
---------------+-------------------+-----
Armour         | 1 2 3 4 |  4.2
Fighting       | 4 5 |  5.7
Long Blades    | 4 5 |  5.7
Dodging        | 4 5 |  5.3
Stealth        | |  1.5

Action                   |  1- 3 |  4- 6 |  7- 9 || total
-------------------------+-------+-------+-------++-------
Melee: Falchion          |    94 |   137 |    17 ||   248
       Headbutt          |    28 |    27 |     4 ||    59
  Use: Scroll            |       |    12 |     3 ||    15
       Potion            |       |     7 |       ||     7
 Stab: Sleeping          |     2 |     1 |       ||     3
  Eat: Chunk             |     1 |     6 |     1 ||     8
Armor: Robe              |     1 |       |       ||     1
       Leather armour    |    18 |    18 |       ||    36
       Skin              |       |    24 |       ||    24
       Scale mail        |       |     5 |    17 ||    22
Dodge: Dodged            |    44 |    83 |    29 ||   156
       Rpst.: Falchion   |    11 |    24 |     8 ||    43
